Map: Ruins of Endion

Players

IIIIIIIIIIII

  • Race: Terran Terran
  • League: Master

Miszu - Winner!

  • Race: Terran Terran

VOD

Have the link to the VOD?

Description

Time

  • Played on: March 28, 2016, 3:25 p.m.
  • Length: 7:22
Show
View Real Time Build Order
Export as new Build Order

IIIIIIIIIIII Terran 

Build Orders:  

Get SALT Encoding   

  12  0:01  SCV  
  13  0:13  SCV  
  14  0:18  Supply Depot  
  14  0:25  SCV  
  15  0:39  SCV  
  16  0:43  Barracks  
  16  0:45  Refinery  
  16  0:52  SCV  
  17  1:04  SCV  
  18  1:14  Refinery  
  18  1:16  SCV  
  19  1:30  Marine, Orbital Command  
  20  1:46  Factory  
  20  1:48  Marine  
  21  1:56  SCV  
  21  1:57  Supply Depot  
  22  2:07  Barracks Reactor  
  22  2:10  SCV  
  23  2:22  SCV  
  24  2:33  Factory Tech Lab  
  24  2:34  Starport, SCV  
  25  2:46  Marine x2  
  25  2:50  Supply Depot  
  27  2:53  Siege Tank  
  30  3:04  Supply Depot  
  30  3:12  Marine  
  31  3:13  SCV  
  32  3:23  Viking  
  32  3:24  Viking  
  36  3:29  Siege Tank  
  36  3:30  Marine  
  40  3:36  Supply Depot  
  40  3:49  Marine  
  40  3:53  Viking  
  43  3:57  Viking  
  45  4:03  Supply Depot  
  45  4:18  SCV  
  45  4:21  Command Center  
  45  4:22  Marine  
  47  4:30  SCV  
  47  4:39  Medivac  
  47  4:40  Medivac  
  47  4:41  Engineering Bay  
  49  4:45  SCV  
  49  4:50  Marine  
  50  4:57  SCV  
  45  5:12  SCV  
  46  5:17  Marine  
  47  5:24  SCV  
  48  5:33  Factory Tech Lab, Missile Turret  
  48  5:36  SCV  
  49  5:48  Barracks x2  
  49  5:49  SCV  
  50  5:51  Marine  
  51  6:01  SCV  
  45  6:17  Marine  
  44  6:22  Viking  
  44  6:25  SCV  
  44  6:31  Orbital Command  
  40  6:36  Marine  
  32  6:55  SCV  
  32  6:56  Marine  
  31  7:08  SCV  
Show
View Real Time Build Order
Export as new Build Order

Miszu Terran - Winner!

Build Orders: 1/1/1, Banshee Rush 

Get SALT Encoding   

  12  0:01  SCV  
  13  0:13  SCV  
  14  0:17  Supply Depot  
  14  0:25  SCV  
  15  0:29  Refinery  
  15  0:39  SCV  
  16  0:45  Barracks  
  16  0:51  SCV  
  17  1:00  Refinery  
  17  1:03  SCV  
  18  1:15  SCV  
  20  1:33  Factory, Orbital Command  
  20  1:37  Reaper  
  20  1:44  Supply Depot  
  20  1:59  SCV  
  21  2:09  Reaper  
  21  2:11  SCV  
  23  2:16  Starport  
  23  2:17  Factory Tech Lab  
  23  2:25  SCV  
  24  2:37  SCV  
  25  2:44  Supply Depot  
  25  2:49  SCV  
  26  3:01  Cloaking Field, SCV, Banshee  
  30  3:17  SCV  
  31  3:20  Command Center  
  31  3:23  Barracks Reactor, Factory Tech Lab  
  31  3:26  Supply Depot  
  31  3:30  Engineering Bay  
  31  3:34  SCV  
  31  3:44  Banshee  
  34  3:51  SCV  
  35  4:03  SCV  
  35  4:05  Command Center  
  36  4:15  SCV  
  37  4:27  Barracks x2, SCV  
  38  4:42  Marine, SCV x2  
  38  4:43  Marine  
  42  4:54  SCV  
  43  5:00  Marine x2  
  43  5:03  Orbital Command  
  43  5:06  SCV  
  46  5:11  Siege Tank  
  46  5:15  Barracks Tech Lab x2  
  46  5:18  Marine x2, SCV  
  50  5:22  Orbital Command  
  49  5:33  Marine x2  
  51  5:36  Marine x2  
  53  5:45  Siege Tank  
  56  5:50  Starport Reactor  
  56  5:51  Marine x2  
  56  5:54  Marine x2  
  56  5:56  SCV x2  
  62  5:57  SCV  
  62  5:59  Combat Shields  
  63  6:09  Marine x2  
  57  6:12  Marine  
  57  6:15  Marine  
  58  6:27  Marine x2  
  58  6:29  Marine, SCV  
  62  6:33  Marine  
  62  6:34  Starport Reactor  
  62  6:35  Factory Tech Lab  
  63  6:40  SCV x2  
  63  6:41  SCV  
  63  6:42  Refinery x2  
  63  6:44  Marine x2  
  63  6:45  Barracks  
  63  6:46  Barracks  
  68  6:47  Marine  
  62  7:03  Marine x3  
  62  7:05  SCV x2  
  71  7:08  SCV  
Tags
 
League
Master
Matchup
TvT
Opening
1/1/1
Race
Terran
Strategy
Banshee Rush
Add a new tag
Caveats
  • Supply blocks, unpowered buildings, or Contaminate may cause inaccurate times.
  • Supply counts are checked every 10 seconds.